| TOP OF THE 1ST |
|
Reading Fightin Phils batting - Pitching for Tulsa Drillers : RHP Luis Lorez
|
|
Pitching: RHP Luis Lorez
|
|
|
Batting: RHB Matt Strong
|
0-0: Ball 1-0: Swinging Strike 1-1: Ball 2-1: Ground out 4-3 (Groundball, 4, EV 98.8 MPH)
|
|
Batting: RHB Hector Nunez
|
0-0: Ball 1-0: SINGLE (Groundball, 6D, EV 103.8 MPH)
|
|
Batting: RHB Austin Wiebe
|
Pickoff Throw to First - Error! E1 Hector Nunez to second 0-0: Ball 1-0: Foul Ball, location: 2F 1-1: SINGLE (Groundball, 34D, EV 93.8 MPH) Hector Nunez to third Runner from 3rd tries for Home, SAFE, throw by RF to home
|
|
Batting: LHB Chris Fandino
|
0-0: Ball 1-0: Ball 2-0: Ball Balk! Austin Wiebe to second 3-0: Base on Balls
|
|
Batting: RHB Mike Narciso
|
0-0: Called Strike 0-1: Foul Ball, location: 2F 0-2: Foul Ball, location: 2F 0-2: Strikes out swinging
|
|
Batting: LHB Darrell Ortega
|
0-0: Fly out, F9 (Flyball, 9S, EV 85.6 MPH)
|
| Top of the 1st over - 1 run, 2 hits, 1 error, 2 left on base; Reading 1 - Tulsa 0 |
| BOTTOM OF THE 1ST |
|
Tulsa Drillers batting - Pitching for Reading Fightin Phils : RHP Bobby Lonergan
|
|
Pitching: RHP Bobby Lonergan
|
|
|
Batting: RHB Steve Haskins
|
0-0: Called Strike 0-1: Called Strike 0-2: Strikes out swinging
|
|
Batting: RHB Jesse White
|
0-0: Ball 1-0: Ball 2-0: Ball 3-0: Foul Ball, location: 2F 3-1: Called Strike 3-2: Base on Balls
|
|
Batting: LHB Nick McGraw
|
0-0: Called Strike 0-1: Fly out, F9 (Line Drive, 9S, EV 101.9 MPH)
|
|
Batting: RHB Blake Beale
|
0-0: Swinging Strike 0-1: Called Strike 0-2: Ball 1-2: Ball 2-2: Strikes out swinging
|
| Bottom of the 1st over - 0 runs, 0 hits, 0 errors, 1 left on base; Reading 1 - Tulsa 0 |
| TOP OF THE 2ND |
|
Reading Fightin Phils batting - Pitching for Tulsa Drillers : RHP Luis Lorez
|
|
Batting: LHB Michael Tuttle
|
0-0: Ball 1-0: Foul Ball, location: 2F 1-1: Called Strike 1-2: Foul Ball, location: 2F 1-2: Foul Ball, location: 2F 1-2: Ground out 1-3 (Groundball, 13S, EV 63.1 MPH)
|
|
Batting: RHB Zach Downs
|
0-0: Called Strike 0-1: Reached on error, E6 (Groundball, 6, EV 85.0 MPH)
|
|
Pitching: RHP Jason Englert
|
|
|
Batting: RHB Gary Hills
|
0-0: Foul Ball, location: 2F 0-1: Swinging Strike 0-2: Ball 1-2: Foul Ball, location: 2F 1-2: Strikes out looking
|
|
Batting: RHB Matt Strong
|
0-0: Ball 1-0: Ball 2-0: Called Strike 2-1: Foul Ball, location: 2F 2-2: Ball 3-2: Base on Balls
|
|
Batting: RHB Hector Nunez
|
0-0: Ball 1-0: Foul Ball, location: 2F 1-1: Swinging Strike 1-2: Hit by Pitch Zach Downs to third Matt Strong to second
|
|
Batting: RHB Austin Wiebe
|
0-0: Ball 1-0: Called Strike 1-1: Ball 2-1: Ball 3-1: Swinging Strike 3-2: Base on Balls Zach Downs scores Matt Strong to third Hector Nunez to second
|
|
Batting: LHB Chris Fandino
|
0-0: Ground out 1-3 (Groundball, 13S, EV 68.8 MPH)
|
| Top of the 2nd over - 1 run, 0 hits, 1 error, 3 left on base; Reading 2 - Tulsa 0 |
| BOTTOM OF THE 2ND |
|
Tulsa Drillers batting - Pitching for Reading Fightin Phils : RHP Bobby Lonergan
|
|
Batting: RHB Dave Cordero
|
0-0: Called Strike 0-1: DOUBLE (Groundball, 5L, EV 109.4 MPH)
|
|
Batting: SHB Xavier Alaniz
|
0-0: Foul Ball, location: 2F 0-1: Ball 1-1: Ball 2-1: Ground out 4-3 (Groundball, 4, EV 85.6 MPH) Dave Cordero to third
|
|
Batting: LHB David McNair
|
0-0: Fly out, F7 (Flyball, 7D, EV 76.2 MPH) Runner from 3rd tags up, SCORES, throw by LF
|
|
Batting: LHB Miguel Medina
|
0-0: Foul Ball, location: 2F 0-1: Foul Ball, location: 2F 0-2: Fly out, F8 (Flyball, 78D, EV 101.9 MPH)
|
| Bottom of the 2nd over - 1 run, 1 hit, 0 errors, 0 left on base; Reading 2 - Tulsa 1 |
| TOP OF THE 3RD |
|
Reading Fightin Phils batting - Pitching for Tulsa Drillers : RHP Jason Englert
|
|
Batting: RHB Mike Narciso
|
0-0: Called Strike 0-1: Ground out 5-3 (Groundball, 56, EV 85.6 MPH)
|
|
Batting: LHB Darrell Ortega
|
0-0: Ball 1-0: Called Strike 1-1: SINGLE (Line Drive, 6M, EV 97.5 MPH)
|
|
Batting: LHB Michael Tuttle
|
0-0: Ball 1-0: Ball 2-0: Ball 3-0: Base on Balls Darrell Ortega to second
|
|
Batting: RHB Zach Downs
|
0-0: Called Strike 0-1: SINGLE (Line Drive, 89M, EV 110.0 MPH) Darrell Ortega to third Michael Tuttle to second Runner from 3rd tries for Home, SAFE, throw by RF to home
|
|
Batting: RHB Gary Hills
|
0-0: Ball 1-0: Ball 2-0: Fielders Choice at 2nd, 3-6 (Groundball, 34, EV 81.9 MPH) Michael Tuttle to third
|
|
Batting: RHB Matt Strong
|
0-0: Ball 1-0: Ball 2-0: Ball 3-0: Base on Balls Gary Hills to second
|
|
Pitching: LHP Antonio Villarreal
|
|
|
Batting: RHB Hector Nunez
|
0-0: Called Strike 0-1: Swinging Strike 0-2: Ball 1-2: Foul Ball, location: 2F 1-2: Strikes out swinging
|
| Top of the 3rd over - 1 run, 2 hits, 0 errors, 3 left on base; Reading 3 - Tulsa 1 |
| BOTTOM OF THE 3RD |
|
Tulsa Drillers batting - Pitching for Reading Fightin Phils : RHP Bobby Lonergan
|
|
Batting: RHB Koen van Oort
|
0-0: Ground out 4-3 (Groundball, 4, EV 85.6 MPH)
|
|
Batting: RHB Steve Haskins
|
0-0: Fly out, F8 (Flyball, 8LM, EV 89.4 MPH)
|
|
Batting: RHB Jesse White
|
0-0: Ball 1-0: Foul Ball, location: 2F 1-1: Foul Ball, location: 2F 1-2: Strikes out swinging
|
| Bottom of the 3rd over - 0 runs, 0 hits, 0 errors, 0 left on base; Reading 3 - Tulsa 1 |
| TOP OF THE 4TH |
|
Reading Fightin Phils batting - Pitching for Tulsa Drillers : LHP Antonio Villarreal
|
|
Batting: RHB Austin Wiebe
|
0-0: Ball 1-0: SOLO HOME RUN (Flyball, 9D, EV 93.8 MPH), Distance : 361 ft
|
|
Batting: LHB Chris Fandino
|
0-0: Ground out 6-3 (Groundball, 6, EV 90.6 MPH)
|
|
Batting: RHB Mike Narciso
|
0-0: Ball 1-0: SOLO HOME RUN (Flyball, 78XD, EV 104.4 MPH), Distance : 396 ft
|
|
Batting: LHB Darrell Ortega
|
0-0: Ball 1-0: Ball 2-0: Foul Ball, location: 2F 2-1: Foul Ball, location: 2F 2-2: Ball 3-2: Foul Ball, location: 2F 3-2: Base on Balls
|
|
Batting: LHB Michael Tuttle
|
0-0: Ball 1-0: Grounds into double play, 4-6-3 (Groundball, 4, EV 106.2 MPH)
|
| Top of the 4th over - 2 runs, 2 hits, 0 errors, 0 left on base; Reading 5 - Tulsa 1 |
| BOTTOM OF THE 4TH |
|
Tulsa Drillers batting - Pitching for Reading Fightin Phils : RHP Bobby Lonergan
|
|
Batting: LHB Nick McGraw
|
0-0: Ball 1-0: Foul Ball, location: 2F 1-1: Foul Ball, location: 2F 1-2: Fly out, F7 (Flyball, 7LM, EV 97.5 MPH)
|
|
Batting: RHB Blake Beale
|
0-0: Ball 1-0: Called Strike 1-1: Ball 2-1: Called Strike 2-2: Ground out 6-3 (Groundball, 6S, EV 68.8 MPH)
|
|
Batting: RHB Dave Cordero
|
0-0: Ball 1-0: Called Strike 1-1: Ball 2-1: Fly out, F8 (Flyball, 8LD, EV 94.4 MPH)
|
| Bottom of the 4th over - 0 runs, 0 hits, 0 errors, 0 left on base; Reading 5 - Tulsa 1 |
| TOP OF THE 5TH |
|
Reading Fightin Phils batting - Pitching for Tulsa Drillers : LHP Antonio Villarreal
|
|
Batting: RHB Zach Downs
|
0-0: Ball 1-0: Ball 2-0: Ball 3-0: Base on Balls
|
|
Batting: RHB Gary Hills
|
0-0: Ball 1-0: Ball 2-0: Ball 3-0: Called Strike 3-1: Single, Error in OF, E8, batter to second base (Groundball, 6MD, EV 111.2 MPH) Zach Downs to third
|
|
Batting: RHB Matt Strong
|
0-0: Ball 1-0: Foul Ball, location: 2F 1-1: Ball 2-1: Foul Ball, location: 2F 2-2: Strikes out swinging
|
|
Pitching: RHP Jon Harris
|
|
|
Batting: RHB Hector Nunez
|
0-0: Called Strike 0-1: Ball 1-1: Ball Wild Pitch! Zach Downs scores Gary Hills to third 2-1: Swinging Strike 2-2: Ball 3-2: 2-RUN HOME RUN (Flyball, 7D, EV 93.8 MPH), Distance : 369 ft
|
|
Batting: RHB Austin Wiebe
|
0-0: SINGLE (Line Drive, 78M, EV 108.1 MPH)
|
|
Batting: LHB Chris Fandino
|
0-0: Fly out, F5 (Popup, 56, EV 81.2 MPH)
|
|
Batting: RHB Mike Narciso
|
0-0: Ball 1-0: Called Strike 1-1: Ball 2-1: Foul Ball, location: 2F 2-2: SINGLE (Line Drive, 34D, EV 95.6 MPH) Austin Wiebe to second
|
|
Batting: LHB Darrell Ortega
|
0-0: Ball 1-0: Fly out, F1 (Line Drive, P, EV 69.4 MPH)
|
| Top of the 5th over - 3 runs, 4 hits, 1 error, 2 left on base; Reading 8 - Tulsa 1 |
| BOTTOM OF THE 5TH |
|
Tulsa Drillers batting - Pitching for Reading Fightin Phils : RHP Bobby Lonergan
|
|
Batting: SHB Xavier Alaniz
|
0-0: SOLO HOME RUN (Flyball, 89XD, EV 113.8 MPH), Distance : 440 ft
|
|
Batting: LHB David McNair
|
0-0: Called Strike 0-1: Ground out U3 (Groundball, 3, EV 83.1 MPH)
|
|
Batting: LHB Miguel Medina
|
0-0: Called Strike 0-1: Ball 1-1: Called Strike 1-2: Foul Ball, location: 2F 1-2: Foul Ball, location: 2F 1-2: Foul Ball, location: 2F 1-2: Ball 2-2: Ball 3-2: DOUBLE (Groundball, 3L, EV 102.5 MPH)
|
|
Batting: RHB Koen van Oort
|
0-0: Called Strike 0-1: Ball 1-1: Called Strike 1-2: Ball 2-2: Ground out 5-3 (Groundball, 56, EV 97.5 MPH)
|
|
Batting: RHB Steve Haskins
|
0-0: SINGLE (Groundball, 25, EV 70.6 MPH) (infield hit) Miguel Medina to third
|
|
Batting: RHB Jesse White
|
0-0: Ball 1-0: Called Strike 1-1: Fly out, F9 (Flyball, 9LM, EV 80.6 MPH)
|
| Bottom of the 5th over - 1 run, 3 hits, 0 errors, 2 left on base; Reading 8 - Tulsa 2 |
| TOP OF THE 6TH |
|
Reading Fightin Phils batting - Pitching for Tulsa Drillers : RHP Jon Harris
|
|
Batting: LHB Michael Tuttle
|
0-0: Ground out 5-3 (Groundball, 56S, EV 91.2 MPH)
|
|
Batting: RHB Zach Downs
|
0-0: Ball 1-0: Called Strike 1-1: Foul Ball, location: 2F 1-2: Ball 2-2: Ball 3-2: Foul Ball, location: 2F 3-2: Foul Ball, location: 2F 3-2: Fly out, F9 (Flyball, 9, EV 88.8 MPH)
|
|
Batting: RHB Gary Hills
|
0-0: Fly out, F9 (Flyball, 9, EV 86.2 MPH)
|
| Top of the 6th over - 0 runs, 0 hits, 0 errors, 0 left on base; Reading 8 - Tulsa 2 |
| BOTTOM OF THE 6TH |
|
Tulsa Drillers batting - Pitching for Reading Fightin Phils : RHP Bobby Lonergan
|
|
Batting: LHB Nick McGraw
|
0-0: Ball 1-0: Fly out, F7 (Flyball, 78XD, EV 90.0 MPH)
|
|
Batting: RHB Blake Beale
|
0-0: DOUBLE (Line Drive, 9LM, EV 95.6 MPH)
|
|
Batting: RHB Dave Cordero
|
0-0: Foul Ball, location: 2F 0-1: Swinging Strike 0-2: Ground out 4-3 (Groundball, 4S, EV 81.2 MPH) Blake Beale to third
|
|
Batting: SHB Xavier Alaniz
|
0-0: Called Strike 0-1: Called Strike 0-2: Ground out U3 (Groundball, 3L, EV 98.8 MPH)
|
| Bottom of the 6th over - 0 runs, 1 hit, 0 errors, 1 left on base; Reading 8 - Tulsa 2 |
| TOP OF THE 7TH |
|
Reading Fightin Phils batting - Pitching for Tulsa Drillers : RHP Jon Harris
|
|
Batting: RHB Matt Strong
|
0-0: Foul Ball, location: 2F 0-1: Hit by Pitch
|
|
Pitching: RHP Steve Mintz
|
|
|
Batting: RHB Hector Nunez
|
0-0: Foul Ball, location: 2F 0-1: Called Strike Matt Strong steals 2nd base 0-2: Ground out 5-3 (Groundball, 56S, EV 69.4 MPH) Matt Strong to third
|
|
Batting: RHB Austin Wiebe
|
0-0: Called Strike 0-1: Ball 1-1: Swinging Strike 1-2: Strikes out swinging
|
|
Batting: LHB Chris Fandino
|
0-0: Ball 1-0: Foul Ball, location: 2F 1-1: Ball 2-1: Ball 3-1: Base on Balls
|
|
Batting: RHB Mike Narciso
|
0-0: Foul Ball, location: 2F 0-1: Foul Ball, location: 2F 0-2: Ball 1-2: Ball 2-2: Foul Ball, location: 2F 2-2: SINGLE (Line Drive, 8LS, EV 101.9 MPH) Matt Strong scores Chris Fandino to second
|
|
Batting: LHB Darrell Ortega
|
0-0: Ball 1-0: Foul Ball, location: 2F 1-1: Swinging Strike 1-2: Ball 2-2: Ball 3-2: Strikes out looking
|
| Top of the 7th over - 1 run, 1 hit, 0 errors, 2 left on base; Reading 9 - Tulsa 2 |
| BOTTOM OF THE 7TH |
|
Tulsa Drillers batting - Pitching for Reading Fightin Phils : RHP Bobby Lonergan
|
|
Pinch Hitting: RHB Billy Valadez
|
0-0: Ball 1-0: Called Strike 1-1: Ball 2-1: Foul Ball, location: 2F 2-2: Strikes out swinging
|
|
Batting: LHB Miguel Medina
|
0-0: Swinging Strike 0-1: SOLO HOME RUN (Flyball, 9D, EV 93.1 MPH), Distance : 360 ft
|
|
Batting: RHB Koen van Oort
|
0-0: Called Strike 0-1: Ball 1-1: Ball 2-1: Ground out 6-3 (Groundball, 6, EV 86.9 MPH)
|
|
Batting: RHB Steve Haskins
|
0-0: Called Strike 0-1: Ball 1-1: SINGLE (Groundball, 4M, EV 93.8 MPH)
|
|
Batting: RHB Jesse White
|
0-0: Ball Steve Haskins steals 2nd base 1-0: Ball 2-0: Ball 3-0: Base on Balls
|
|
Batting: LHB Nick McGraw
|
0-0: Called Strike 0-1: Ball 1-1: Ball 2-1: Ground out U3 (Groundball, 3S, EV 72.5 MPH)
|
| Bottom of the 7th over - 1 run, 2 hits, 0 errors, 2 left on base; Reading 9 - Tulsa 3 |
| TOP OF THE 8TH |
|
Reading Fightin Phils batting - Pitching for Tulsa Drillers : RHP Steve Mintz
|
|
Now in LF: Billy Valadez
|
|
|
Now in RF: Xavier Alaniz
|
|
|
Batting: LHB Michael Tuttle
|
0-0: Called Strike 0-1: Foul Ball, location: 2F 0-2: Strikes out swinging
|
|
Pitching: RHP Nate Allen
|
|
|
Batting: RHB Zach Downs
|
0-0: Ball 1-0: Ball 2-0: Called Strike 2-1: Ground out U3 (Groundball, 34, EV 81.2 MPH)
|
|
Batting: RHB Gary Hills
|
0-0: SINGLE (Groundball, 6, EV 103.1 MPH)
|
|
Batting: RHB Matt Strong
|
Pickoff Throw to First - Out! 1-3
|
| Top of the 8th over - 0 runs, 1 hit, 0 errors, 0 left on base; Reading 9 - Tulsa 3 |
| BOTTOM OF THE 8TH |
|
Tulsa Drillers batting - Pitching for Reading Fightin Phils : RHP Bobby Lonergan
|
|
Batting: RHB Blake Beale
|
0-0: SINGLE (Line Drive, 7S, EV 106.2 MPH)
|
|
Pitching: RHP Jaylen Johnson
|
|
|
Batting: RHB Dave Cordero
|
0-0: Ball 1-0: Called Strike 1-1: Ball 2-1: Fly out, F8 (Flyball, 8RM, EV 78.1 MPH)
|
|
Batting: SHB Xavier Alaniz
|
0-0: Ball 1-0: Swinging Strike 1-1: Ball 2-1: Foul Ball, location: 2F 2-2: Ball 3-2: Strikes out swinging Blake Beale is caught stealing 2nd base 2-6 Batter strikes out.
|
| Bottom of the 8th over - 0 runs, 1 hit, 0 errors, 0 left on base; Reading 9 - Tulsa 3 |
| TOP OF THE 9TH |
|
Reading Fightin Phils batting - Pitching for Tulsa Drillers : RHP Nate Allen
|
|
Batting: RHB Matt Strong
|
0-0: Ball 1-0: Ground out 6-3 (Groundball, 6, EV 89.4 MPH)
|
|
Batting: RHB Hector Nunez
|
0-0: Ball 1-0: Called Strike 1-1: SINGLE (Groundball, 4M, EV 100.6 MPH)
|
|
Batting: RHB Austin Wiebe
|
0-0: Called Strike 0-1: Foul Ball, location: 2F 0-2: SINGLE (Groundball, 56D, EV 106.2 MPH) Hector Nunez to second
|
|
Batting: LHB Chris Fandino
|
0-0: Hit by Pitch Hector Nunez to third Austin Wiebe to second
|
|
Batting: RHB Mike Narciso
|
0-0: Ball 1-0: Fielders Choice at 2nd, 6-4 (Groundball, 6, EV 86.9 MPH) Hector Nunez scores Austin Wiebe to third
|
|
Batting: LHB Darrell Ortega
|
0-0: Foul Ball, location: 2F 0-1: Called Strike 0-2: Foul Ball, location: 2F 0-2: Ball 1-2: Strikes out looking
|
| Top of the 9th over - 1 run, 2 hits, 0 errors, 2 left on base; Reading 10 - Tulsa 3 |
| BOTTOM OF THE 9TH |
|
Tulsa Drillers batting - Pitching for Reading Fightin Phils : RHP Jaylen Johnson
|
|
Batting: RHB Billy Valadez
|
0-0: Swinging Strike 0-1: Called Strike 0-2: Ball 1-2: Foul Ball, location: 2F 1-2: Ball 2-2: Ground out 4-3 (Groundball, 4, EV 85.6 MPH)
|
|
Batting: LHB Miguel Medina
|
0-0: SINGLE (Groundball, 4D, EV 106.9 MPH)
|
|
Batting: RHB Koen van Oort
|
0-0: Ball 1-0: Swinging Strike 1-1: Swinging Strike 1-2: Strikes out swinging
|
|
Batting: RHB Steve Haskins
|
0-0: Called Strike 0-1: Fly out, F9 (Flyball, 9D, EV 92.5 MPH)
|
| Bottom of the 9th over - 0 runs, 1 hit, 0 errors, 1 left on base; Reading 10 - Tulsa 3 |
|